 Dungeon Crawl Stone Soup version 0.29-a0-575-g0dc89cf053 (webtiles) character file.

Game seed: 14557918785245124518

39 DocClef the Covert (level 3, 0/35 HPs)
             Began as a Gnoll Delver on June 12, 2022.
             Succumbed to an adder's poison
             ... on level 5 of the Dungeon.
             The game lasted 00:00:25 (54 turns).

DocClef the Covert (Gnoll Delver)                     Turns: 54, Time: 00:00:26

Health: 0/35       AC:  3    Str: 11    XL:     3   Next: 47%
Magic:  3/4        EV: 13    Int:  9    God:
Gold:   19         SH:  0    Dex: 15    Spells: 3/3 levels left

rFire   + . .      SeeInvis .   a - +0 short sword
rCold   . . .      Faith    .   (no shield)
rNeg    . . .      Spirit   .   b - +0 leather armour
rPois   .          Reflect  .   (no helmet)
rElec   .          Harm     .   (no cloak)
rCorr   .          Rampage  .   (no gloves)
Will    .....                   (no boots)
Stlth   ++++......              (no amulet)
HPRegen 0.11/turn               (no ring)
MPRegen 0.09/turn               (no ring)

@: lethally poisoned (0 -> -3)
A: fangs 1, strong nose, distributed training, fire resistance 1, mutation
resistance 1, sense surroundings 1
a: no special abilities


You were on level 5 of the Dungeon.
You visited 1 branch of the dungeon, and saw 1 of its levels.

You collected 19 gold pieces.

Inventory:

Hand Weapons
 a - a +0 short sword (weapon)
Armour
 b - a +0 leather armour (worn)
Wands
 g - a wand of digging (3)
Scrolls
 c - a scroll of fog
 d - a scroll of magic mapping
 e - a scroll of fear
Potions
 f - a potion of haste


   Skills:
 + Level 6.5 Fighting
 + Level 4.5 Short Blades
 + Level 0.8 Long Blades
 + Level 0.8 Axes
 + Level 0.8 Maces & Flails
 + Level 0.8 Polearms
 + Level 0.8 Staves
 + Level 0.8 Slings
 + Level 0.8 Bows
 + Level 0.8 Crossbows
 + Level 0.8 Throwing
 + Level 0.8 Armour
 + Level 4.5 Dodging
 + Level 9.6 Stealth
 + Level 0.8 Shields
 + Level 0.8 Unarmed Combat
 + Level 0.8 Spellcasting
 + Level 0.5 Conjurations
 + Level 0.5 Hexes
 + Level 0.5 Summonings
 + Level 0.5 Necromancy
 + Level 0.5 Translocations
 + Level 0.5 Transmutations
 + Level 0.5 Fire Magic
 + Level 0.5 Ice Magic
 + Level 0.5 Air Magic
 + Level 0.5 Earth Magic
 + Level 0.5 Poison Magic
 + Level 1.0 Invocations
 + Level 0.8 Evocations


You had 3 spell levels left.
You didn't know any spells.
Your spell library contained the following spells:

 Spells                   Type           Power      Damage    Failure   Level
 Summon Small Mammal      Summ           4%         N/A       36%         1
 Call Canine Familiar     Summ           1%         N/A       75%         3
 Summon Guardian Golem    Hex/Summ       1%         N/A       75%         3


Dungeon Overview and Level Annotations

Branches:
Dungeon (5/15)
 Temple: D:4-7

Altars:
Uskayaw


Innate Abilities, Weirdness & Mutations

You have very sharp teeth.
Your uncanny sense of smell can sniff out nearby items.
Your experience applies equally to all skills.
Your flesh is heat resistant. (rF+)
You are somewhat resistant to further mutation.
You passively map a small area around you.


Message History

You feel sick. The adder bites you.
You miss the adder.
The adder is lightly wounded.
You feel sick.
You are no longer poisoned.
The adder misses you.
You closely miss the adder.
The adder is lightly wounded.
The adder completely misses you.
You hit the adder.
The adder is heavily wounded.
The adder closely misses you. x2
You miss the adder.
The adder is heavily wounded.
The adder bites you.
You are poisoned.
The adder poisons you!
You hit the adder.
The adder is severely wounded.
You feel sick. The adder bites you.
* * * LOW HITPOINT WARNING * * *
You are lethally poisoned!
The adder poisons you!
You hit the adder.
You kill the adder!
* * * LOW HITPOINT WARNING * * *
You feel sick.
Your Invocations skill increases to level 1!
* * * LOW HITPOINT WARNING * * *
You feel sick.
You see here an adder corpse.
* * * LOW HITPOINT WARNING * * *
You feel sick.
It was a potion of mutation.
You feel extremely strange.
You feel resistant to heat.
You feel a strange attunement to the structure of the dungeons.
You feel genetically stable.
* * * LOW HITPOINT WARNING * * *
You feel sick.
You die...

* * , , ,* * * . **, ###
##., * ∆ ∆ #$.... ,
#.#.# , * * #... ∆ *
#.#..######.#* ,
.......@†..# *
#.#.######!# # #
##.#+######.# * ..# , ..
,............####...# *
#######................#
,
..##..###.........###..
.#(##...#.........#
#(((#._.'.........# ,
.#.##...#..########


There were no monsters in sight!

Vanquished Creatures
  A hound (D:5)
  An adder (D:5)
2 creatures vanquished.

Notes
Turn   | Place    | Note
-------+----------+-------------------------------------------
     0 | D:5      | Reached skill level 9 in Stealth
     0 | D:5      | DocClef the Gnoll Delver began the quest for the Orb.
     0 | D:5      | Reached XP level 1. HP: 23/23 MP: 1/1
     4 | D:5      | Found a hide-covered altar of Uskayaw.
     4 | D:5      | Noticed a +0 short sword
     5 | D:5      | Noticed a +0 dagger
     6 | D:5      | Noticed a +0 dagger
     6 | D:5      | Noticed a +0 spear
     8 | D:5      | Noticed a +0 spear
     9 | D:5      | Noticed a +0 short sword
    22 | D:5      | Noticed a hound
    37 | D:5      | Killed a hound
    38 | D:5      | Reached XP level 2. HP: 20/29 MP: 2/2
    38 | D:5      | Reached XP level 3. HP: 25/35 MP: 3/3
    51 | D:5      | Reached skill level 1 in Invocations
    53 | D:5      | Gained mutation: Your flesh is heat resistant. (rF+)
                  | [potion of mutation]
    53 | D:5      | Gained mutation: You passively map a small area around you.
                  | [potion of mutation]
    53 | D:5      | Gained mutation: You are somewhat resistant to further
                  | mutation. [potion of mutation]
    53 | D:5      | HP: 1/35 [poisoned by an adder]
    54 | D:5      | Succumbed to an adder's poison

Illustrated notes

Levels and vault maps discovered:
D:5:      layout_basic, mainiacjoe_overflow_cross_hatched,
          nicolae_ru_great_annihilating_truth, lemuel_tele_altar,
          nicolae_uskayaw_en_pointe, kennysheep_mini, serial_shops, shop,
          doesnt_shop_hydraphobe

Skill      XL: |  1  2  3 |
---------------+----------+-----
Stealth        | |  9.6
Invocations    | 1 |  1.0
Fighting       | |  6.5
Short Blades   | |  4.5
Long Blades    | |  0.8
Axes           | |  0.8
Maces & Flails | |  0.8
Polearms       | |  0.8
Staves         | |  0.8
Slings         | |  0.8
Bows           | |  0.8
Crossbows      | |  0.8
Throwing       | |  0.8
Armour         | |  0.8
Dodging        | |  4.5
Shields        | |  0.8
Unarmed Combat | |  0.8
Spellcasting   | |  0.8
Conjurations   | |  0.5
Hexes          | |  0.5
Summonings     | |  0.5
Necromancy     | |  0.5
Translocations | |  0.5
Transmutations | |  0.5
Fire Magic     | |  0.5
Ice Magic      | |  0.5
Air Magic      | |  0.5
Earth Magic    | |  0.5
Poison Magic   | |  0.5
Evocations     | |  0.8

Action                   || total
-------------------------++-------
Melee: Short sword       ||    27
       Bite              ||     3
       Punch             ||     1
  Use: Potion            ||     1
Armor: Leather armour    ||     2
Dodge: Dodged            ||    19

Table legend: (Time is in decaauts)
 A = Elapsed time spent in this place.
 B = Non-inter-level travel time spent in this place.
 C = Inter-level travel time spent in this place.
 D = Time resting spent in this place.
 E = Time spent auto-exploring this place.
 F = Levels seen in this place.
 G = Mean time per level.
                   A        B        C        D        E       F      G
               +--------+--------+--------+--------+--------+-----+--------+
         Total |     50 |     50 |      0 |      0 |      9 |   1 |   50.0 |
       Dungeon |     50 |     50 |      0 |      0 |      9 |   1 |   50.0 |
               +--------+--------+--------+--------+--------+-----+--------+

Top non-repeatable levels by time:
     D:5: 50 daAuts
